 Dungeon Crawl Stone Soup version 0.26.1 (webtiles) character file.

Game seed: 701303290389290515

121 Gadfly the Cudgeller (level 5, -2/50 HPs)
             Began as an Ogre Gladiator on Feb 6, 2021.
             Killed by divine providence
             ... invoked by an orc priest
              (13 damage)
             ... on level 3 of the Dungeon.
             The game lasted 00:04:04 (3182 turns).

Gadfly the Cudgeller (Ogre Gladiator)               Turns: 3182, Time: 00:04:04

Health: -2/50      AC:  7    Str: 19    XL:     5   Next: 5%
Magic:  6/6        EV: 14    Int:  9    God:
Gold:   128        SH:  0    Dex: 10    Spells: 4/4 levels left

rFire    . . .     SeeInvis .   b - +2 quarterstaff (chaos)
rCold    . . .     Faith    .   (shield currently unavailable)
rNeg     . . .     Spirit   .   j - +0 robe
rPois    .         Reflect  .   c - +0 hat
rElec    .         Harm     .   (no cloak)
rCorr    .         Rampage  .   (gloves unavailable)
Will     .....                  (boots unavailable)
Stlth    +.........             (no amulet)
HPRegen  0.16/turn              h - +4 ring of evasion
MPRegen  0.10/turn              p - +4 ring of protection

@: no status effects
A: large, unfitting armour, tough skin 1
a: no special abilities


You were on level 3 of the Dungeon.
You visited 1 branch of the dungeon, and saw 4 of its levels.

You collected 128 gold pieces.

Inventory:

Hand Weapons
 a - a +1 flail
 b - a +2 quarterstaff of chaos (weapon)
Missiles
 d - 3 throwing nets
 i - 121 stones (quivered)
 n - 6 javelins
Armour
 c - a +0 hat (worn)
 j - a +0 robe (worn)
Jewellery
 f - an uncursed ring of resist corrosion
 h - a +4 ring of evasion (left hand)
 p - a +4 ring of protection (right hand)
Scrolls
 e - 4 scrolls of fear
 q - 2 scrolls of enchant weapon
Potions
 g - a potion of resistance
 k - a potion of heal wounds
 l - 2 potions of curing
 m - a potion of flight {unknown}


   Skills:
 - Level 2.6 Fighting
 + Level 3.1 Maces & Flails
 + Level 2.3 Throwing
 * Level 1.7 Armour
 - Level 2.6 Dodging
 * Level 2.1 Invocations
 * Level 1.7 Evocations


You had 4 spell levels left.
You didn't know any spells.
Your spell library contained the following spells:

 Spells                   Type           Power        Failure   Level
 Confusing Touch          Hex            0%           77%         3
 Gell's Gravitas          Tloc           0%           77%         3
 Petrify                  Tmut/Erth      0%           99%         4
 Metabolic Englaciation   Hex/Ice        0%           100%        5
 Yara's Violent Unravell  Hex/Tmut       0%           100%        5


Dungeon Overview and Level Annotations

Branches:
Dungeon (4/15)
 Temple: D:4-7

Altars:

Annotations:
D:3 3 runed translucent doors, roke1's ghost, amateur OpFi


Innate Abilities, Weirdness & Mutations

You are too large for most types of armour.
You have tough skin. (AC +1)


Message History

Something hits you. Something hits you but does no damage.
You climb upwards.
Level annotation: 3 runed translucent doors, roke1's ghost, amateur OpFi Reactivating autopickup.
There is a stone staircase leading down here.
You hear something mumble some strange prayers to Beogh against you.
Beogh smites you!
* * * LOW HITPOINT WARNING * * *
You hear some strange, mumbled words.
A puff of flame appears from out of thin air!
Deactivating autopickup; reactivate with Ctrl-A.
The puff of flame hits you.
* * * LOW HITPOINT WARNING * * *
Something hits you but does no damage.
You hit something but do no damage. Something hits you but does no damage.
You barely miss something. Something hits you.
* * * LOW HITPOINT WARNING * * *
You hear something invoke the aid of Beogh against you.
Beogh smites you!
You die...

###################
#.........#.#($.♣.#
######.......>.#.#...(.#
.................+.(...#
######...........+....(#
######.........#{+..(..#
#.......##.#####@#W...(#
#.......##.....#.#.....#
........##..##.#########
#.......#......#
#.........#....########
#.......##............#
......####.#.....>....#
......####.#..........#
.####.#...............#


You could see roke1's ghost.

Vanquished Creatures
  Crazy Yiuf (D:3)
  2 adders
  2 oozes
  2 worms (D:3)
  2 dart slugs
  3 leopard geckos
  2 orcs
  5 bats
  3 giant cockroaches
  4 goblins
  A hobgoblin (D:1)
  8 jackals
  5 kobolds
  2 quokkas (D:3)
  A ball python (D:1)
  2 frilled lizards
  A quokka zombie (D:3)
  3 rats
49 creatures vanquished.

Notes
Turn   | Place    | Note
-------+----------+-------------------------------------------
     0 | D:1      | Gadfly the Ogre Gladiator began the quest for the Orb.
     0 | D:1      | Reached XP level 1. HP: 22/22 MP: 1/1
    88 | D:1      | Reached XP level 2. HP: 12/29 MP: 2/2
   819 | D:1      | Reached skill level 1 in Invocations
  1060 | D:1      | Reached XP level 3. HP: 36/36 MP: 3/3
  1061 | D:1      | Reached skill level 1 in Armour
  1061 | D:1      | Reached skill level 1 in Evocations
  2060 | D:3      | Reached skill level 3 in Maces & Flails
  2060 | D:3      | Reached XP level 4. HP: 16/44 MP: 5/5
  2577 | D:3      | Found a runed translucent gate.
  2577 | D:3      | Found a runed translucent gate.
  2779 | D:3      | Found a runed translucent door.
  2780 | D:3      | Noticed Crazy Yiuf
  2858 | D:3      | Found a runed translucent gate.
  2859 | D:3      | Noticed roke1's ghost (amateur OpFi)
  3070 | D:3      | Killed Crazy Yiuf
  3071 | D:3      | Reached XP level 5. HP: 50/50 MP: 6/6
  3182 | D:3      | Killed from afar by an orc priest

Illustrated notes

Levels and vault maps discovered:
D:1:      shiori_arrival_oz, layout_loops_ring, minmay_crystal_room,
          chequers_arboretum
D:2:      layout_basic
D:3:      layout_rooms, ebering_ghost_rock_garden, uniq_crazy_yiuf_cottage
D:4:      layout_cave_pools, minmay_temple_entry_slanted, uniq_blork_the_orc

Skill      XL: |  1  2  3  4 |
---------------+-------------+-----
Invocations    | 1 2 |  2.1
Armour         | 1 |  1.7
Evocations     | 1 |  1.7
Maces & Flails | 3 |  3.1
Fighting       | |  2.6
Throwing       | |  2.3
Dodging        | |  2.6

Action                   |  1- 3 |  4- 6 || total
-------------------------+-------+-------++-------
Melee: Flail             |    93 |    54 ||   147
       Quarterstaff      |       |    11 ||    11
Throw: Stone             |       |     9 ||     9
       Throwing net      |       |     2 ||     2
  Use: Scroll            |     7 |     2 ||     9
       Potion            |     1 |       ||     1
Armor: Robe              |    32 |    21 ||    53
Dodge: Dodged            |    80 |    48 ||   128
